 Seeded DCSS version 0.30.1-9-gdf580d7c3d (webtiles) character file.

Game seed: 920673320228942481 (custom seed)

2 Psyclone the Conjurer (level 1, 11/11 HPs)
             Began as an Octopode Conjurer on Oct 10, 2023.
             Quit the game on level 1 of the Dungeon.
             The game lasted 00:00:04 (49 turns).

Psyclone the Conjurer (Octopode Conjurer)             Turns: 49, Time: 00:00:05

Health: 11/11      AC:  1    Str: 10    XL:     1   Next: 40%
Magic:  3/3        EV: 13    Int: 19    God:
Gold:   0          SH:  4    Dex:  9    Spells: 3/4 levels left

rFire   . . .        (no weapon)
rCold   . . .        (no shield)
rNeg    . . .        (helmet restricted)
rPois   .            (no amulet)
rElec   .            (no ring)
rCorr   .            (no ring)
SInv    .            (no ring)
Will    .....        (no ring)
Stlth   +++          (no ring)
HPRegen 0.21/turn    (no ring)
MPRegen 0.08/turn    (no ring)
                     (no ring)

%: no passive effects
@: no status effects
A: almost no armour, amphibious, 8 rings, camouflage 1, gelatinous body 1,
(nimble swimmer 1), tentacles, large bone plates 1, strong 1, teleportitis 1
a: no special abilities


You were on level 1 of the Dungeon.
You visited 1 branch of the dungeon, and saw 1 of its levels.

Inventory:

Potions
 a - a potion of magic


   Skills:
 - Level 2.0 Dodging
 - Level 2.6 Stealth
 - Level 2.0 Spellcasting
 + Level 4.1 Conjurations


You had 3 spell levels left.
You knew the following spells:

 Your Spells              Type           Power      Damage    Failure   Level
a - Magic Dart            Conj           68%        1d6       3%          1

Your spell library contained the following spells:

 Spells                   Type           Power      Damage    Failure   Level
 Searing Ray              Conj           34%        2d5       4%          2
 Dazzling Flash           Conj/Hex       18%        N/A       22%         3
 Fulminant Prism          Conj/Hex       4%         3d5       58%         4
 Iskenderun's Mystic Bla  Conj/Tloc      9%         2d4       58%         4


Dungeon Overview and Level Annotations

Branches:
Dungeon (1/15) Zot: 5951

Altars:


Innate Abilities, Weirdness & Mutations

You cannot wear most types of armour.
You are amphibious.
You can wear up to eight rings at the same time.
Your skin changes colour to match your surroundings (Stealth+).
Your rubbery body absorbs attacks. (AC +1, EV +1)
((You are camouflaged when in or above water. (Stealth+)))
You have tentacles for arms and can constrict up to eight enemies at once.
You are partially covered in large bone plates. (SH +4)
Your muscles are strong. (Str +4, Int/Dex -1)
You are occasionally teleported next to monsters.


Message History

Welcome, Psyclone the Octopode Conjurer.
Game seed: 920673320228942481 (custom seed) Press ? for a list of commands and other information.
Found a staircase leading out of the dungeon.
A dart slug comes into view.
Casting: Magic Dart (safe; 3% risk of failure)
Confirm with . or Enter, or press ? or * to list all spells.
Aiming: Magic Dart (safe; 3% risk of failure)
Press: ? - help, Shift-Dir - straight line, f - dart slug
Aim: a dart slug (asleep, 100% to hit)
The magic dart hits the dart slug.
The dart slug is heavily wounded.
Casting: Magic Dart (safe; 3% risk of failure)
Confirm with . or Enter, or press ? or * to list all spells.
Aiming: Magic Dart (safe; 3% risk of failure)
Press: ? - help, Shift-Dir - straight line, f/p - dart slug
Aim: a dart slug (heavily wounded, 100% to hit)
The magic dart hits the dart slug.
The dart slug is almost dead.
Casting: Magic Dart (safe; 3% risk of failure)
Confirm with . or Enter, or press ? or * to list all spells.
Aiming: Magic Dart (safe; 3% risk of failure)
Press: ? - help, Shift-Dir - straight line, f/p - dart slug
Aim: a dart slug (almost dead, 100% to hit)
The magic dart hits the dart slug.
You kill the dart slug!
You open the door.
Found 9 stones and a spear.
There is an open door here.
Found a fizzy ruby potion.
b - a fizzy ruby potion You now have 1/3 mp.
MP restored: 3 It was a potion of mutation.
You feel extremely strange.
You feel weirdly uncertain.
Large bone plates grow over parts of your tentacles.
You feel stronger.
Unknown command.
Are you sure you want to abandon this character and quit the game? (Confirm with "yes".)

###### #....#
#....# #)...#
######..(.#
..........# #####
#..@.# . ....
#.#### .###.. #.#
...#.#########'####
#.#..............#
#................#
#................#
#....#####.......#
##....# #.......#


There were no monsters in sight!

Vanquished Creatures
  A dart slug (D:1)
1 creature vanquished.

Notes
Turn   | Place    | Note
-------+----------+-------------------------------------------
     0 | D:1      | Psyclone the Octopode Conjurer began the quest for the Orb.
     0 | D:1      | Reached XP level 1. HP: 11/11 MP: 3/3
    48 | D:1      | Gained mutation: You are occasionally teleported next to
                  | monsters. [potion of mutation]
    48 | D:1      | Gained mutation: You are partially covered in large bone
                  | plates. (SH +4) [potion of mutation]
    48 | D:1      | Gained mutation: Your muscles are strong. (Str +4, Int/Dex
                  | -1) [potion of mutation]
    49 | D:1      | Quit the game

Illustrated notes

Levels and vault maps discovered:
D:1:      dpeg_arrival_orchard, layout_basic

Action                     || total
---------------------------++-------
   Cast: Magic Dart        ||     3
    Use: Potion            ||     1
